[Event "Team 45 45 League T51"]
[Site "Internet Chess Club"]
[Date "2011.12.16"]
[Round "6"]
[White "julesraider"]
[Black "eagle"]
[Result "1-0"]
[WhiteElo "1570"]
[BlackElo "1458"]
[Opening "Benkö gambit"]
[ECO "A57"]
[Time "16:11:19"]
[TimeControl "2700+45"]

1. d4 Nf6 2. c4 c5 3. d5 b5 4. b3 g6 5. Nd2 Bg7 6. Bb2 O-O 7. Ngf3 d6 8. h3 Nbd7
9. Qc2 Nb6 10. e4 bxc4 11. bxc4 a5 12. Bd3 Bd7 13. Rb1 Qc7 14. O-O Rfb8 15. Rfe1
Na4 16. Ba1 Rb7 17. e5 Nh5 18. Rxb7 Qxb7 19. Rb1 Qc7 20. exd6 exd6 21. Bxg7 Kxg7
22. g4 Nf4 23. Bf1 f5 24. g5 Rb8 25. Nb3 Re8 26. Re1 Rxe1 27. Nxe1 Qd8 28. h4 h6
29. Nf3 h5 30. Qd2 Nxd5 31. Qxd5 Qc7 32. Qd2 Bc6 33. Qe2 Nc3 34. Qb2 Kf7 35.
Qxc3 a4 36. Qf6+ Ke8 37. Qxg6+ Kd8 38. Nbd2 Qd7 39. Bh3 Qb7 40. Qf6+ Ke8 41.
Qh8+ Ke7 42. Bxf5 Bxf3 43. Qg7+ Ke8 44. Qg8+ Ke7 45. g6 Bh1 46. Qe6+ Kf8 47. Be4
Bxe4 48. Nxe4 Kg7 49. Qf6+ Kg8 50. Nxd6 Qb1+ 51. Kg2 Qd1 52. Qf7+ Kh8 53. Qh7#
{Black checkmated} 1-0

[Event "Team 45 45 League T51"]
[Site "Internet Chess Club"]
[Date "2011.12.16"]
[Round "6"]
[White "Portola"]
[Black "Kingofknights"]
[Result "1-0"]
[WhiteElo "1763"]
[BlackElo "1693"]
[Opening "Queen's bishop game"]
[ECO "D02"]
[Time "19:00:34"]
[TimeControl "2700+45"]

1. d4 d5 2. Nf3 Nf6 3. Bf4 e6 4. e3 c5 5. c3 Nc6 6. Bd3 Qb6 7. Qc1 Be7 8. Nbd2
Bd7 9. O-O Rc8 10. Rb1 cxd4 11. exd4 Nb4 12. Bc2 Nxc2 13. Qxc2 O-O 14. Rfe1 Bb5
15. Ra1 a5 16. a4 Ba6 17. Qb1 Bd6 18. Ne5 Qc7 19. Bg3 Nh5 20. Ndf3 Nxg3 21. hxg3
Rfe8 22. Ng5 f5 23. Ngf3 b6 24. Qc1 Qe7 25. Qe3 Rc7 26. Qd2 g6 27. Nd3 Kg7 28.
Nf4 Qf6 29. Nxd5 exd5 30. Rxe8 Re7 31. Rxe7+ Qxe7 32. Re1 Qf6 33. Qe3 b5 34.
axb5 Bxb5 35. Qe6 Bc6 36. Qxf6+ Kxf6 37. Ne5 Bb5 38. f4 a4 39. Ra1 Be8 40. Kf2
g5 41. Rh1 h5 42. Ra1 g4 43. Nd3 Kg6 44. Nc5 h4 45. Nxa4 h3 46. Kg1 Kh5 47. gxh3
gxh3 48. Kh2 Kg4 49. Nc5 Bb5 50. Ne6 Bd3 51. Ra8 Bf1 52. Rh8 Kf3 53. Ng5+ Ke3
54. Nxh3 Kd2 55. Rd8 {Black resigns} 1-0

[Event "Team 45 45 League T51"]
[Site "Internet Chess Club"]
[Date "2011.12.20"]
[Round "6"]
[White "KnightOfCydonia"]
[Black "rubo"]
[Result "0-1"]
[WhiteElo "1657"]
[BlackElo "1655"]
[Opening "Budapest: Adler variation"]
[ECO "A52"]
[Time "14:00:07"]
[TimeControl "2700+45"]

1. d4 Nf6 2. c4 e5 3. dxe5 Ng4 4. Nf3 Bc5 5. e3 Nc6 6. Nc3 Ngxe5 7. a3 a5 8. Ne4
Nxf3+ 9. Qxf3 Ne5 10. Qg3 Qe7 11. Qxg7 Ng6 12. Nf6+ Kd8 13. Bd3 Bd4 14. Bxg6
Bxf6 15. Qxf7 hxg6 16. Qxg6 Ra6 17. Qc2 Be5 18. g3 c5 19. f4 Bd4 20. Kf2 Bg7 21.
Bd2 Rh3 22. Rae1 Rah6 23. Bxa5+ b6 24. Bd2 Bb7 25. e4 Bd4+ 26. Kf3 Rxh2 27. Rxh2
Rxh2 28. f5 Rf2+ 29. Kg4 Qg7+ 30. Kh3 Qh7+ 31. Kg4 Kc8 32. Qc1 Qg7+ 33. Bg5 Bxb2
34. Qe3 Bd4 35. Qc1 Bf6 36. e5 Bf3+ {White resigns} 0-1

[Event "Team 45 45 League T51"]
[Site "Internet Chess Club"]
[Date "2011.12.18"]
[Round "6"]
[White "g8wrb"]
[Black "LanceLegal"]
[Result "0-1"]
[WhiteElo "1415"]
[BlackElo "1452"]
[Opening "Caro-Kann: classical, 6.h4"]
[ECO "B18"]
[Time "15:02:34"]
[TimeControl "2700+45"]

1. e4 c6 2. d4 d5 3. Nc3 dxe4 4. Nxe4 Bf5 5. Ng3 Bg6 6. h4 h5 7. Nf3 Nf6 8. Bd3
Bxd3 9. Qxd3 e6 10. O-O Bd6 11. Ne5 Nbd7 12. Re1 Qc7 13. Bf4 O-O-O 14. c3 Nxe5
15. Bxe5 Bxe5 16. Rxe5 Qxe5 17. dxe5 Rxd3 18. exf6 gxf6 19. Kf1 Rhd8 20. Nxh5
Rd2 21. Nxf6 Rxb2 22. h5 Rdd2 23. Ne4 Re2 24. Nd6+ Kc7 25. Nxf7 Rxf2+ {White
resigns} 0-1

[Event "Team 45 45 League T51"]
[Site "Internet Chess Club"]
[Date "2011.12.17"]
[Round "6"]
[White "Skylab"]
[Black "AtomicDog"]
[Result "1-0"]
[WhiteElo "1406"]
[BlackElo "1316"]
[Opening "Réti opening"]
[ECO "A05"]
[Time "14:00:32"]
[TimeControl "2700+45"]

1. Nf3 Nf6 2. g3 d5 3. d4 e6 4. Bg2 Be7 5. O-O b6 6. c4 O-O 7. cxd5 Nxd5 8. Nc3
Bb7 9. Re1 Nd7 10. e4 Nxc3 11. bxc3 Rb8 12. a4 Nf6 13. e5 Nd7 14. Nd2 Bxg2 15.
Kxg2 c5 16. Ne4 Qc7 17. Qg4 Qc6 18. Bh6 g6 19. Bxf8 f5 20. exf6 Bxf6 21. Bd6 Rd8
22. Qxe6+ Kg7 23. Kg1 cxd4 24. Bf8+ {Black resigns} 1-0

[Event "Team 45 45 League T51"]
[Site "Internet Chess Club"]
[Date "2011.12.17"]
[Round "6"]
[White "katikus"]
[Black "kidviper"]
[Result "0-1"]
[WhiteElo "1819"]
[BlackElo "1958"]
[Opening "Ruy Lopez: Schliemann defense"]
[ECO "C63"]
[Time "10:00:54"]
[TimeControl "2700+45"]

1. e4 e5 2. Nf3 Nc6 3. Bb5 f5 4. d3 fxe4 5. dxe4 Nf6 6. Nc3 Bc5 7. O-O d6 8. Re1
O-O 9. h3 Nd4 10. Nxd4 Bxd4 11. Bc4+ Kh8 12. Re2 a6 13. Bg5 Qe8 14. Qd2 Qg6 15.
Rae1 Nh5 16. Kh2 c6 17. Be3 b5 18. Bb3 Bb7 19. Bxd4 exd4 20. Qxd4 Nf4 21. f3
Nxe2 22. Rxe2 c5 23. Qd3 c4 24. Bxc4 bxc4 25. Qxc4 Rac8 26. Qd3 Qf6 27. Rd2 Rfd8
28. Qe3 Qe5+ 29. Kg1 Qc5 30. Qd4 Kg8 31. Kf1 Qxd4 32. Rxd4 Kf7 33. Ke2 Ke6 34.
Ke3 d5 35. exd5+ Bxd5 36. a3 Bb7 37. Rf4 Rd7 38. Rb4 Re8 39. Ne4 Bxe4 40. Rd4
Rxd4 {White resigns} 0-1

[Event "Team 45 45 League T51"]
[Site "Internet Chess Club"]
[Date "2011.12.19"]
[Round "6"]
[White "RD1974"]
[Black "AVEMARIA"]
[Result "1-0"]
[WhiteElo "1652"]
[BlackElo "1634"]
[Opening "French: King's Indian attack"]
[ECO "C00"]
[Time "17:01:09"]
[TimeControl "2700+45"]

1. e4 e6 2. d3 d5 3. Nd2 Nf6 4. Ngf3 c5 5. g3 Be7 6. Bg2 O-O 7. O-O Nc6 8. e5
Nd7 9. Re1 Qc7 10. Qe2 a5 11. c3 b6 12. a3 Ba6 13. c4 Rad8 14. cxd5 exd5 15. e6
Nf6 16. Nb3 fxe6 17. Qxe6+ Kh8 18. Bf4 Bd6 19. Bxd6 Qxd6 20. Ng5 Qc7 21. d4 Bc8
22. Qe3 Rde8 23. Qd2 c4 24. Rxe8 Rxe8 25. Nc1 h6 26. Nf3 Qe7 27. Na2 Ne4 28. Qe3
Qf7 29. Re1 Bd7 30. Ne5 Nxe5 31. dxe5 Ng5 32. f4 Nh3+ 33. Kh1 Bf5 34. Nc3 Be6
35. Re2 Rb8 36. Rd2 Qf5 37. Bxd5 Bxd5+ 38. Nxd5 Rd8 39. Kg2 g5 40. Ne7 Nxf4+ 41.
gxf4 Qg4+ 42. Kh1 Rxd2 43. Qxd2 Qf3+ 44. Kg1 Qg4+ 45. Kf1 Qf3+ 46. Qf2 Qh1+ 47.
Ke2 Qe4+ 48. Kd2 gxf4 49. Qg1 Qd3+ 50. Kc1 Qe3+ 51. Qxe3 fxe3 52. Nc8 b5 53. e6
Kg7 54. e7 Kf7 55. e8=Q+ Kxe8 56. Nd6+ Ke7 57. Nf5+ Ke6 58. Nxh6 b4 59. Ng4 Kd5
60. Nxe3+ Kd4 61. axb4 axb4 62. Nc2+ Kc5 63. h4 b3 64. Ne3 Kd4 65. Nxc4 Ke4 66.
h5 Kf5 67. Kd2 Kg5 68. Na5 Kxh5 69. Kd3 Kg6 70. Nxb3 Kf6 71. Kd4 Ke6 72. Kc5 Kd7
73. Nd4 Kc7 74. b4 Kb7 75. b5 Ka7 76. Kc6 Ka8 77. Kb6 Kb8 78. Ka6 Ka8 79. b6 Kb8
80. b7 Kc7 81. Ka7 {Black resigns} 1-0

[Event "Team 45 45 League T51"]
[Site "Internet Chess Club"]
[Date "2011.12.18"]
[Round "6"]
[White "Warpdrive"]
[Black "kidcobra"]
[Result "0-1"]
[WhiteElo "1599"]
[BlackElo "1618"]
[Opening "Ruy Lopez: Schliemann defense"]
[ECO "C63"]
[Time "14:00:39"]
[TimeControl "2700+45"]

1. e4 e5 2. Nf3 Nc6 3. Bb5 f5 4. d3 fxe4 5. dxe4 Nf6 6. O-O Bc5 7. Qd3 d6 8. Be3
Bxe3 9. Qxe3 O-O 10. Bc4+ Kh8 11. Nc3 Bg4 12. Ne2 Bxf3 13. Qxf3 Nd4 14. Nxd4
exd4 15. Qd3 c5 16. a4 Qe7 17. Rae1 Ng4 18. h3 Ne5 19. Qe2 Qg5 20. Bd5 Nf3+ 21.
Kh1 Nxe1 22. Rxe1 Rab8 23. Kg1 b6 24. e5 Rbe8 {White resigns} 0-1

[Event "Team 45 45 League T51"]
[Site "Internet Chess Club"]
[Date "2011.12.16"]
[Round "6"]
[White "chicopee-ed"]
[Black "tightfist"]
[Result "0-1"]
[WhiteElo "1353"]
[BlackElo "1665"]
[Opening "Queen's pawn game"]
[ECO "D05"]
[Time "10:01:31"]
[TimeControl "2700+45"]

1. d4 d5 2. Nf3 Nf6 3. e3 e6 4. Bd3 Bd6 5. O-O O-O 6. Nbd2 Nbd7 7. e4 dxe4 8.
Nxe4 Nxe4 9. Bxe4 Nf6 10. Bd3 c5 11. c3 Qb6 12. Qe2 Bd7 13. Re1 Rfe8 14. Ne5
Rad8 15. Nxd7 Nxd7 16. Bg5 f6 17. Qe4 g6 18. Bc1 cxd4 19. cxd4 Rc8 20. Qh4 Re7
21. b3 Qa5 22. Bd2 Qxd2 23. Bc4 Kg7 24. Rxe6 Rxe6 25. Bxe6 Rc1+ {White resigns}
0-1

[Event "Team 45 45 League T51"]
[Site "Internet Chess Club"]
[Date "2011.12.17"]
[Round "6"]
[White "nursey"]
[Black "Zugzwanged"]
[Result "1-0"]
[WhiteElo "1627"]
[BlackElo "1656"]
[Opening "Petrov: classical attack, Chigorin variation"]
[ECO "C42"]
[Time "13:00:50"]
[TimeControl "2700+45"]

1. e4 e5 2. Nf3 Nf6 3. Nxe5 d6 4. Nf3 Nxe4 5. d4 d5 6. Bd3 Be7 7. O-O Nc6 8. Re1
Bg4 9. c3 f5 10. h3 Bh5 11. Bf4 O-O 12. Nbd2 Bd6 13. Bxd6 Qxd6 14. Qb3 b6 15.
Nxe4 fxe4 16. Bxe4 Bf7 17. Bf5 Rae8 18. Ng5 Qf6 19. Bxh7+ Kh8 20. Nxf7+ Kxh7 21.
Rxe8 Rxe8 22. Qxd5 Rf8 23. Ng5+ Kh8 24. Ne4 Qg6 25. Re1 Ne7 26. Qe5 Nf5 27. Qxc7
Re8 28. Kh2 Qh6 29. Qd7 Qg6 30. g4 Nh4 31. Kg3 Rxe4 32. Rxe4 Qxe4 33. Kxh4 Qc2
34. f4 Qf2+ 35. Kg5 Qxb2 36. Qxa7 Qb5+ 37. f5 Qe8 38. Qxb6 Qe3+ 39. Kh4 Qh6+ 40.
Qxh6+ {Black resigns} 1-0

[Event "Team 45 45 League T51"]
[Site "Internet Chess Club"]
[Date "2011.12.17"]
[Round "6"]
[White "Vin07"]
[Black "Risto"]
[Result "0-1"]
[WhiteElo "1515"]
[BlackElo "1387"]
[Opening "Colle system"]
[ECO "D05"]
[Time "13:00:36"]
[TimeControl "2700+45"]

1. d4 d5 2. Nf3 Nf6 3. e3 e6 4. Bd3 c5 5. c3 Nc6 6. Nbd2 c4 7. Bc2 Bd6 8. O-O
O-O 9. e4 dxe4 10. Nxe4 Nxe4 11. Bxe4 Bd7 12. Bxh7+ Kxh7 13. Ng5+ Kg6 14. Ne4
Bxh2+ 15. Kh1 Qh4 16. Re1 Bg3+ 17. Kg1 Qh2+ 18. Kf1 Qh1+ 19. Ke2 Qh5+ 20. Kf1
Qxd1 21. Rxd1 Bc7 22. Ke2 Ne7 23. Rh1 Rh8 24. Be3 Bc6 25. f3 Bxe4 26. fxe4 b6
27. Raf1 f6 28. Kf3 a5 29. a3 a4 30. g4 Rh2 31. Rxh2 Bxh2 32. Rh1 Bc7 33. Rh5
Rb8 34. Bc1 Nc6 35. Be3 b5 36. Rc5 Rb6 37. d5 exd5 38. exd5 Ne5+ 39. Ke4 Bd6 40.
Rc6 Nxc6 41. Bxb6 Ne5 42. Kd4 Nxg4 43. Bc5 Bxc5+ 44. Kxc5 f5 45. d6 Nf6 {White
resigns} 0-1

[Event "Team 45 45 League T51"]
[Site "Internet Chess Club"]
[Date "2011.12.18"]
[Round "6"]
[White "kasperloff"]
[Black "Zumbi"]
[Result "1/2-1/2"]
[WhiteElo "1986"]
[BlackElo "2159"]
[Opening "Queen's pawn game, Darooha variation "]
[ECO "D02"]
[Time "17:16:55"]
[TimeControl "2700+45"]

1. d4 d5 2. Nf3 Nf6 3. c4 e6 4. g3 Bb4+ 5. Bd2 Be7 6. Bg2 O-O 7. O-O c6 8. Bf4
Nbd7 9. Qc2 b6 10. Rd1 Bb7 11. Ne5 Nh5 12. Bc1 Nhf6 13. Nc3 Rc8 14. e4 Nxe4 15.
Nxe4 dxe4 16. Nxd7 Qxd7 17. Bxe4 f5 18. Bg2 Rfd8 19. Bf4 Bf6 20. Be5 Bxe5 21.
dxe5 Qc7 {Game drawn by mutual agreement} 1/2-1/2

[Event "Team 45 45 League T51"]
[Site "Internet Chess Club"]
[Date "2011.12.18"]
[Round "6"]
[White "grabuark"]
[Black "Philly-Boy"]
[Result "1-0"]
[WhiteElo "2100"]
[BlackElo "1858"]
[Opening "Scandinavian defense"]
[ECO "B01"]
[Time "18:00:34"]
[TimeControl "2700+45"]

1. e4 d5 2. exd5 Nf6 3. d4 Bg4 4. Nf3 Qxd5 5. Be2 e6 6. h3 Bh5 7. c4 Qa5+ 8. Nc3
Bb4 9. Bd2 c6 10. a3 Bxc3 11. Bxc3 Qc7 12. O-O Ne4 13. d5 Nxc3 14. bxc3 cxd5 15.
cxd5 O-O 16. dxe6 fxe6 17. Ng5 Bxe2 18. Qxe2 Re8 19. Qe4 g6 20. Rfe1 e5 21. Qd5+
Kh8 22. Nf7+ Kg7 23. Nd6 Re7 24. Rxe5 Nc6 25. Rxe7+ Qxe7 26. c4 Qe5 27. Qf7+ Kh6
28. Rd1 Rd8 29. Rd5 Qa1+ 30. Kh2 Qxa3 31. Nf5+ Kg5 32. h4+ Kg4 33. f3+ {Black
resigns} 1-0

[Event "Team 45 45 League T51"]
[Site "Internet Chess Club"]
[Date "2011.12.20"]
[Round "6"]
[White "amnesia"]
[Black "Tobiasdelmonte"]
[Result "0-1"]
[WhiteElo "1870"]
[BlackElo "1823"]
[Opening "Queen's pawn game"]
[ECO "A46"]
[Time "19:05:16"]
[TimeControl "2700+45"]

1. d4 Nf6 2. Nf3 c5 3. c3 d5 4. dxc5 e6 5. Bg5 Bxc5 6. e3 O-O 7. Nbd2 h6 8. Bh4
Nbd7 9. Be2 Re8 10. O-O a5 11. Rc1 b6 12. e4 dxe4 13. Nxe4 Be7 14. Nd6 Bxd6 15.
Qxd6 Bb7 16. Ne5 Nxe5 17. Qxe5 Qd5 18. Qxd5 Nxd5 19. Bf3 Ra7 20. Rfd1 Nf4 21.
Rd2 Bxf3 22. gxf3 e5 23. Bg3 Ng6 24. Rcd1 Re6 25. Rd6 Rae7 26. a4 f5 27. h3 f4
28. Bh2 Nh4 29. R1d3 Nxf3+ 30. Kg2 Ne1+ {White resigns} 0-1

[Event "Team 45 45 League T51"]
[Site "Internet Chess Club"]
[Date "2011.12.20"]
[Round "6"]
[White "Goli"]
[Black "misuc56"]
[Result "1-0"]
[WhiteElo "1911"]
[BlackElo "1753"]
[Opening "Sicilian: Alapin's variation (2.c3)"]
[ECO "B22"]
[Time "16:00:07"]
[TimeControl "2700+45"]

1. e4 c5 2. c3 d6 3. d4 cxd4 4. cxd4 Nc6 5. Nf3 g6 6. Be3 Bg7 7. Be2 Bd7 8. O-O
Nf6 9. Nc3 h5 10. h3 a6 11. Rc1 O-O 12. Qd2 Nh7 13. Bh6 f5 14. Bxg7 Kxg7 15. d5
Ne5 16. Qd4 fxe4 17. Nxe4 Rxf3 18. Bxf3 Nf6 19. Ng5 Rc8 20. Be2 Nf7 21. f4 Nh6
22. Bd3 Nf5 23. Bxf5 Bxf5 24. Ne6+ Bxe6 25. dxe6 Rxc1 26. Rxc1 Qa5 27. g4 Kh7
28. g5 Ng8 29. a3 Qf5 30. Qe3 d5 31. Rd1 d4 32. Rxd4 Qb1+ 33. Kg2 Qxb2+ 34. Rd2
Qb1 35. Qd3 Qc1 36. f5 gxf5 37. Qxf5+ Kh8 38. Rf2 Qc6+ 39. Rf3 Qd6 40. Rd3 Qc6+
41. Kg3 Qc1 42. Qe5+ Kh7 43. Rf3 Qc4 44. Rf7+ {Black resigns} 1-0

[Event "Team 45 45 League T51"]
[Site "Internet Chess Club"]
[Date "2011.12.19"]
[Round "6"]
[White "ferrari9182"]
[Black "LittleWarrior"]
[Result "1-0"]
[WhiteElo "1924"]
[BlackElo "1941"]
[Opening "Sicilian: closed"]
[ECO "B25"]
[Time "16:00:14"]
[TimeControl "2700+45"]

1. e4 c5 2. Nc3 g6 3. g3 Bg7 4. Bg2 Nc6 5. d3 d6 6. Nge2 e6 7. O-O Nge7 8. Be3
O-O 9. Qd2 Nd4 10. Rae1 Rb8 11. Nc1 b5 12. Nd1 b4 13. c3 Ndc6 14. Bh6 Bxh6 15.
Qxh6 bxc3 16. bxc3 Ba6 17. g4 Ne5 18. g5 Nxd3 19. Nxd3 Bxd3 20. Re3 Nf5 21. exf5
Bxf5 22. Rg3 f6 23. h4 fxg5 24. hxg5 d5 25. Ne3 Qd6 26. Re1 Rb2 27. Rf3 {Black
resigns} 1-0

[Event "Team 45 45 League T51"]
[Site "Internet Chess Club"]
[Date "2011.12.19"]
[Round "6"]
[White "UsuallySleepy"]
[Black "McKnights"]
[Result "1-0"]
[WhiteElo "1945"]
[BlackElo "1818"]
[Opening "Scandinavian defense"]
[ECO "B01"]
[Time "22:00:26"]
[TimeControl "2700+45"]

1. e4 d5 2. exd5 Nf6 3. Nf3 Bg4 4. Bb5+ Nbd7 5. h3 Bh5 6. Nc3 a6 7. Be2 Nc5 8.
d4 Nce4 9. Nxe4 Nxe4 10. c4 Bxf3 11. Bxf3 Nd6 12. c5 Nb5 13. a4 Na7 14. O-O g6
15. Bf4 Bg7 16. Re1 O-O 17. Qd2 Rb8 18. b4 Nc8 19. Rad1 b6 20. Bh6 Bxh6 21. Qxh6
bxc5 22. Re4 f5 23. Rh4 Rf7 24. dxc5 Qf8 25. Qf4 Qe8 26. d6 cxd6 27. Bd5 e6 28.
Re1 e5 29. Qh6 Kh8 30. Qxg6 Re7 31. Rxh7+ Rxh7 32. Qxe8+ Kg7 33. Qf7+ Kh6 34.
Qf6+ Kh5 35. Bf3# {Black checkmated} 1-0

[Event "Team 45 45 League T51"]
[Site "Internet Chess Club"]
[Date "2011.12.18"]
[Round "6"]
[White "ice-cream"]
[Black "viking99"]
[Result "0-1"]
[WhiteElo "1707"]
[BlackElo "1834"]
[Opening "French: Winawer, Alekhine gambit"]
[ECO "C15"]
[Time "17:01:03"]
[TimeControl "2700+45"]

1. e4 e6 2. d4 d5 3. Nc3 Bb4 4. Ne2 dxe4 5. a3 Bxc3+ 6. Nxc3 f5 7. f3 exf3 8.
Qxf3 Qh4+ 9. Qg3 Qxg3+ 10. hxg3 c6 11. Bf4 Nf6 12. Bc4 b5 13. Bb3 a5 14. O-O-O
Nd5 15. Bxd5 exd5 16. Rhe1+ Kf7 17. Bd6 Be6 18. Re3 Nd7 19. Rde1 Rhe8 20. Ne2 g5
21. Ng1 Nf6 22. Nf3 Ne4 23. Ne5+ Kf6 24. Nxc6 Nxd6 25. Ne5 Nc4 26. Nxc4 dxc4 27.
Re5 Bd7 28. Rxe8 Rxe8 29. Rh1 Kg6 30. Kd2 Bc6 31. Rg1 Re4 32. c3 Rg4 33. Re1 Be4
34. Re3 Kf6 35. Ke2 Bxg2 36. Re5 Re4+ 37. Rxe4 Bxe4 38. Ke3 h5 39. Kd2 a4 40.
Ke3 h4 41. gxh4 gxh4 42. d5 Ke5 43. d6 f4+ 44. Kf2 Kxd6 45. Kg1 Ke5 46. Kf2 Kf5
47. b4 Kg4 48. Kg1 Kg3 49. Kf1 h3 50. Kg1 h2+ 51. Kf1 h1=Q+ 52. Ke2 Bd3+ 53. Kd2
Qg2+ 54. Kd1 Qe2+ 55. Kc1 Qc2# {White checkmated} 0-1

[Event "Team 45 45 League T51"]
[Site "Internet Chess Club"]
[Date "2011.12.17"]
[Round "6"]
[White "Constrictor"]
[Black "Packerfan"]
[Result "0-1"]
[WhiteElo "1659"]
[BlackElo "1733"]
[Opening "King's Indian: Zinnowitz variation"]
[ECO "E61"]
[Time "15:03:45"]
[TimeControl "2700+45"]

1. Nf3 Nf6 2. d4 g6 3. c4 Bg7 4. Nc3 O-O 5. Bg5 d6 6. e4 h6 7. Bh4 g5 8. Bg3 Nh5
9. Be2 Nxg3 10. hxg3 f5 11. exf5 Bxf5 12. Bd3 Bg4 13. Be4 Nc6 14. Qd3 e6 15. Nh2
Bf5 16. Ne2 Qf6 17. O-O-O Nb4 18. Qb1 Nxa2+ 19. Qxa2 Bxe4 20. Ng4 Qg6 21. Rh2 h5
22. Ne3 Rxf2 23. Nc3 Bc2 24. Rdh1 Qd3 25. Nf1 Bxd4 26. Rxh5 Be3+ {White resigns}
0-1

[Event "Team 45 45 League T51"]
[Site "Internet Chess Club"]
[Date "2011.12.17"]
[Round "6"]
[White "IshanR"]
[Black "Frankly"]
[Result "1-0"]
[WhiteElo "1890"]
[BlackElo "1741"]
[Opening "Sicilian: dragon, Yugoslav attack, 10.O-O-O"]
[ECO "B78"]
[Time "09:00:36"]
[TimeControl "2700+45"]

1. e4 c5 2. Nc3 d6 3. Nf3 Nf6 4. d4 cxd4 5. Nxd4 g6 6. Be3 Bg7 7. f3 Nc6 8. Qd2
O-O 9. Bc4 Bd7 10. O-O-O Ne5 11. Bb3 Rc8 12. Kb1 Nc4 13. Bxc4 Rxc4 14. g4 Qa5
15. Nb3 Qa6 16. h4 Rfc8 17. h5 Bxg4 18. fxg4 Nxg4 19. Bd4 Ne5 20. Qf2 b5 21.
hxg6 fxg6 22. Qh4 h5 23. Qxe7 R4c7 24. Qe6+ Kh7 25. Rdg1 Rg8 26. Bxe5 Bxe5 27.
Rxh5+ gxh5 28. Qxg8+ {Black resigns} 1-0

[Event "Team 45 45 League T51"]
[Site "Internet Chess Club"]
[Date "2011.12.19"]
[Round "6"]
[White "vaknight"]
[Black "carokantor"]
[Result "0-1"]
[WhiteElo "1795"]
[BlackElo "2103"]
[Opening "Bird: From gambit, Lasker variation"]
[ECO "A02"]
[Time "19:08:03"]
[TimeControl "2700+45"]

1. f4 e5 2. fxe5 d6 3. exd6 Bxd6 4. Nf3 g5 5. g3 g4 6. Nh4 Ne7 7. e4 Nbc6 8. c3
f5 9. exf5 Nxf5 10. Nxf5 Bxf5 11. Qe2+ Kd7 12. d4 Re8 13. Be3 Qe7 14. Kd2 Qe4
15. Qd3 Qf3 16. Qe2 Qxh1 17. Bg2 Rxe3 18. Bxh1 Rxe2+ 19. Kxe2 Re8+ 20. Kd1 h5
21. Nd2 Bd3 22. Bg2 Nd8 23. Bf1 Bxf1 24. Nxf1 Ne6 25. Kd2 Ng5 {White resigns}
0-1

[Event "Team 45 45 League T51"]
[Site "Internet Chess Club"]
[Date "2011.12.14"]
[Round "6"]
[White "HumanTornado"]
[Black "CheeryCherry"]
[Result "0-1"]
[WhiteElo "1941"]
[BlackElo "1469"]
[Opening "Scotch: Schmidt variation"]
[ECO "C45"]
[Time "20:09:25"]
[TimeControl "2700+45"]

1. e4 e5 2. Nf3 Nc6 3. d4 exd4 4. Nxd4 Nf6 5. Nxc6 bxc6 6. Bd3 d5 7. e5 Ng4 8.
O-O Bc5 9. Bf4 g5 10. Bg3 h5 11. Be2 Rb8 12. Nd2 Rxb2 13. Nb3 Bb6 14. Qc1 Rxb3
15. cxb3 h4 16. Qxc6+ Bd7 17. Qxd5 hxg3 18. hxg3 c6 19. Qd6 Bc7 20. Qc5 Nxe5 21.
Rfe1 Qf6 22. Bc4 Be6 23. Bxe6 Bb6 24. Qc2 fxe6 25. Rad1 Qh6 26. Kf1 Qh1+ 27. Ke2
Qxg2 28. Kd2 Ba5+ 29. Kc1 Bxe1 30. Rxe1 Qd5 31. Qc3 {White resigns} 0-1

[Event "Team 45 45 League T51"]
[Site "Internet Chess Club"]
[Date "2011.12.15"]
[Round "6"]
[White "jhbchess"]
[Black "Muravey"]
[Result "0-1"]
[WhiteElo "1518"]
[BlackElo "1621"]
[Opening "Queen's Indian: Capablanca variation"]
[ECO "E16"]
[Time "17:30:33"]
[TimeControl "2700+45"]

1. c4 b6 2. Nf3 Bb7 3. g3 e6 4. Bg2 Nf6 5. d4 Bb4+ 6. Nc3 O-O 7. a3 Bxc3+ 8.
bxc3 d6 9. O-O Qe7 10. Bf4 Nbd7 11. Re1 Rad8 12. Qa4 a6 13. Qb3 e5 14. dxe5 Nxe5
15. c5 Bd5 16. cxd6 Rxd6 17. c4 Bxc4 18. Qc2 Nxf3+ 19. Bxf3 Be6 20. Bxd6 Qxd6
21. e4 Qe5 22. a4 Ng4 23. Bxg4 Bxg4 24. Rac1 c5 25. Qc4 a5 26. Qd5 Qf6 27. e5
Qf5 28. f4 h6 29. Qb3 Qd7 30. e6 Bxe6 31. Red1 Qc6 32. Qb5 Qe4 33. Qb1 Qe3+ 34.
Kg2 Bg4 35. Re1 Qd2+ 36. Kg1 Qd4+ 37. Kg2 Qxa4 38. Qe4 Qxe4+ 39. Rxe4 Rd8 40.
Re3 Rd2+ 41. Kg1 Rb2 42. Re7 Kf8 43. Rce1 Be6 44. Rc7 g6 45. Rd1 Kg7 46. h4 a4
47. Ra1 Bb3 48. Rb7 c4 49. Rxb6 c3 50. Rc6 c2 51. Rf1 a3 52. f5 a2 53. fxg6 Rb1
{White resigns} 0-1

[Event "Team 45 45 League T51"]
[Site "Internet Chess Club"]
[Date "2011.12.19"]
[Round "6"]
[White "rook9999"]
[Black "Patzer4Life"]
[Result "1-0"]
[WhiteElo "1884"]
[BlackElo "1384"]
[Opening "French: Rubinstein variation"]
[ECO "C10"]
[Time "10:00:13"]
[TimeControl "2700+45"]

1. e4 e6 2. d4 d5 3. Nc3 dxe4 4. Nxe4 Be7 5. Nf3 Nf6 6. Nxf6+ Bxf6 7. Bf4 Nc6 8.
c3 a6 9. Bc4 b5 10. Bb3 Bb7 11. O-O O-O 12. Nd2 Na5 13. Bc2 Be7 14. a4 bxa4 15.
Qh5 g6 16. Qxa5 {Black resigns} 1-0

[Event "Team 45 45 League T51"]
[Site "Internet Chess Club"]
[Date "2011.12.17"]
[Round "6"]
[White "cazj"]
[Black "kingsrook"]
[Result "1-0"]
[WhiteElo "1354"]
[BlackElo "1302"]
[Opening "QGD Slav/Grünfeld: Schlechter variation"]
[ECO "D11"]
[Time "17:15:07"]
[TimeControl "2700+45"]

1. d4 d5 2. c4 c6 3. Nf3 g6 4. Nc3 Nf6 5. Bf4 Bg7 6. e3 Bf5 7. cxd5 cxd5 8. Bb5+
Nbd7 9. O-O O-O 10. Re1 a6 11. Ba4 Nb6 12. Bb3 Ne4 13. Rc1 Rc8 14. h3 Nc4 15.
Qe2 Bf6 16. Bh6 Re8 17. g4 Nxc3 18. Rxc3 Be4 19. Rec1 b5 20. Bc2 Bxf3 21. Qxf3
Nd2 22. Qf4 Rxc3 23. bxc3 Nc4 24. Bd1 e5 25. Qf3 Bg5 26. Bxg5 Qxg5 27. Bb3 e4
28. Qg3 Nd2 29. Qd6 Re6 30. Qxd5 Qxd5 31. Bxd5 Re7 32. Kg2 Rd7 33. Bc6 Rc7 34.
d5 Kf8 35. Rd1 Nc4 36. d6 Nb6 37. dxc7 {Black resigns} 1-0

[Event "Team 45 45 League T51"]
[Site "Internet Chess Club"]
[Date "2011.12.17"]
[Round "6"]
[White "Aquaman"]
[Black "baseball613"]
[Result "0-1"]
[WhiteElo "1225"]
[BlackElo "1349"]
[Opening "Caro-Kann: Rasa-Studier gambit"]
[ECO "B15"]
[Time "15:00:31"]
[TimeControl "2700+45"]

1. d4 c6 2. e4 d5 3. Nc3 dxe4 4. f3 exf3 5. Nxf3 Bg4 6. Be3 Nf6 7. h3 Bh5 8. g4
Bg6 9. Ne5 e6 10. Bg2 Bd6 11. Qe2 Nbd7 12. O-O-O Qa5 13. Nc4 Qc7 14. Nxd6+ Qxd6
15. Rhf1 Rd8 16. Bf4 Qe7 17. Bg5 h6 18. Bh4 Qb4 19. Be1 Qb6 20. Na4 Qc7 21. Nc3
Nb6 22. Bh4 Nbd7 23. Qf2 O-O 24. g5 hxg5 25. Bxg5 Qa5 26. Bd2 Qf5 27. Qxf5 Bxf5
28. Bg5 Rc8 29. Be3 Nb6 30. Bg1 Nfd5 31. Ne4 Rfd8 32. Nc5 Rc7 33. c3 Nd7 34. Nb3
N7b6 35. Nd2 Kf8 36. Rde1 Kg8 37. Nf3 Bd3 38. Rf2 Nf4 39. Bf1 Bxf1 40. Rfxf1
Nxh3 41. Be3 Nc4 42. Rh1 Nxe3 43. Rxh3 Nf5 44. Reh1 Nh6 45. Ne5 Kf8 46. Rf1 Rd5
47. Ng6+ Kg8 48. Ne5 c5 49. Nf3 cxd4 50. Kb1 dxc3 51. Kc2 cxb2+ 52. Kxb2 Rb5+
53. Ka1 Rf5 54. Rh2 Ng4 55. Rb2 Ne5 56. Rbf2 Nxf3 57. Rxf3 Rxf3 58. Rxf3 Rc2 59.
Kb1 Rd2 60. Rb3 b6 61. Rc3 e5 62. Rc8+ Kh7 63. Rc7 e4 64. Re7 f5 65. Re5 g6 66.
Re7+ Kh6 67. a4 Kg5 68. Rg7 e3 69. Kc1 f4 70. Re7 Kg4 71. Re6 g5 72. Re7 Kg3 73.
Rg7 g4 74. Re7 Kf2 75. Rh7 g3 76. Rf7 f3 77. Rh7 g2 {White resigns} 0-1